 Dungeon Crawl Stone Soup version 0.21.1-1-g345015fe64 (webtiles) character file.

834 Giltor the Jinx (level 7, -4/33 HPs)
             Began as a Spriggan Enchanter on Mar 2, 2018.
             Slain by a killer bee (6 damage)
             ... on level 7 of the Dungeon.
             The game lasted 01:01:09 (5351 turns).

Giltor the Jinx (Spriggan Enchanter)                Turns: 5351, Time: 01:01:09

Health: -4/33      AC:  2    Str:  6    XL:     7   Next: 66%
Magic:  11/12      EV: 18    Int: 17    God:
Gold:   180        SH:  0    Dex: 16    Spells: 4/12 levels left

rFire    . . .     SeeInvis +   d - -1 dagger (curse)
rCold    . . .     Gourm    .   (shield restricted)
rNeg     . . .     Faith    .   b - +0 robe
rPois    .         Spirit   .   (helmet restricted)
rElec    .         Reflect  .   (no cloak)
rCorr    .         Harm     .   (gloves unavailable)
MR       +....                  (boots unavailable)
Stlth    ++++++....             (no amulet)
HPRegen  0.11/turn              q - ring of stealth
MPRegen  0.13/turn              m - ring of stealth

@: lethally poisoned (-4 -> -12), very quick
A: very small, unfitting armour, see invisible, herbivore, speed 3, slow
metabolism 2
a: no special abilities


You were on level 7 of the Dungeon.
You were not hungry.

You visited 2 branches of the dungeon, and saw 6 of its levels.

You collected 180 gold pieces.

Inventory:

Hand Weapons
 a - a +1 dagger
 d - a cursed -1 dagger (weapon)
 p - a +0 dagger of venom
Armour
 b - a +0 robe (worn)
Jewellery
 h - a +6 ring of protection {unknown}
 k - an uncursed ring of protection from cold
 l - an uncursed amulet of harm
 m - a ring of stealth (right hand)
 q - a ring of stealth (left hand)
 s - an uncursed ring of protection from fire {unknown}
Wands
 o - a wand of acid (10)
Scrolls
 i - a scroll of amnesia
 r - a scroll of teleportation
 u - 2 scrolls of identify
Potions
 e - 2 potions of curing
 f - 2 potions of might
 g - a potion of flight {unknown}
 j - 2 potions of haste {unknown}
 n - a potion of brilliance {unknown}
Books
 c - a book of Maledictions

   Spells                             Type                      Level
   a - Corona                         Hexes                        1
   b - Ensorcelled Hibernation        Hexes/Ice                    2
   c - Confuse                        Hexes                        3
   d - Tukima's Dance                 Hexes                        3
   e - Dazzling Spray                 Conjuration/Hexes            3
 t - a book of Minor Magic

   Spells                             Type                      Level
   a - Magic Dart                     Conjuration                  1
   b - Blink                          Translocation                2
   c - Call Imp                       Summoning                    2
   d - Slow                           Hexes                        2
   e - Conjure Flame                  Conjuration/Fire             3
   f - Mephitic Cloud                 Conjuration/Poison/Air       3


   Skills:
 - Level 1.0 Fighting
 * Level 2.6 Short Blades
 - Level 3.0 Dodging
 - Level 7.0 Stealth
 - Level 3.0 Spellcasting
 - Level 8.1 Hexes
 - Level 5.1 Evocations


You had 4 spell levels left.
You knew the following spells:

 Your Spells              Type           Power        Failure   Level  Hunger
b - Ensorcelled Hibernat  Hex/Ice        ###...       4%          2    ##.....
c - Confuse               Hex            ####....     1%          3    ###....
d - Tukima's Dance        Hex            ####....     1%          3    ###....


Dungeon Overview and Level Annotations

Branches:
Dungeon (4/15)             Temple (1/1) D:4

Altars:
Cheibriados
Dithmenos
Elyvilon
Hepliaklqana
Makhleb
Nemelex Xobeh
Qazlal
Ru
Sif Muna
Uskayaw
Vehumet
Xom
Zin
The Shining One


Innate Abilities, Weirdness & Mutations

You are very small and have problems with some larger weapons.
You are too small for most types of armour.
You have supernaturally acute eyesight. (SInv)
You are a herbivore.
You cover ground extremely quickly.
You need consume almost no food.


Message History

A hound comes into view.
You feel sick.
The hound moves out of view.
The killer bee stings you.
You feel sick.
Found a pink potion.
The killer bee closely misses you.
You see here a pink potion.
You feel sick. The killer bee stings you!
* * * LOW HITPOINT WARNING * * *
You are lethally poisoned!
The killer bee poisons you!
* * * LOW HITPOINT WARNING * * *
You feel sick.
* * * LOW HITPOINT WARNING * * *
You feel sick.
* * * LOW HITPOINT WARNING * * *
You feel sick. The killer bee stings you.
You die...

######..#.###.###
#................
######.##.......#
#.##.......#
#.##!......#
#.##.......#
#.##.......#
#.##.......#
#@##.......#
######y##.###....
#......y.....>...
######.##.###.###
#†##.# #.##.###
#.##...
#.##.######
#..........


You could see 2 killer bees.

Vanquished Creatures
  The ghost of Hopiakuusi the Ducker, an amateur TrBe of Trog (D:4)
  Sigmund (D:3)
  A scorpion (D:3)
  2 killer bees (D:7)
  An orc priest (D:3)
  Jessica (D:3)
  An iguana (D:4)
  3 worker ants (D:4)
  3 adders
  2 oozes (D:2)
  6 worms
  3 dart slugs
  A leopard gecko (D:2)
  11 orcs
  2 giant cockroaches
  13 goblins
  12 hobgoblins
  A quokka (D:3)
  3 ball pythons
  A ball python skeleton (D:4)
  8 bats
  7 frilled lizards
  8 kobolds
  6 rats
98 creatures vanquished.

Vanquished Creatures (collateral kills)
  2 orcs
  A hobgoblin (D:3)
3 creatures vanquished.

Vanquished Creatures (others)
  A killer bee (D:7)
  An orc (D:4)
2 creatures vanquished.

Grand Total: 103 creatures vanquished

Notes
Turn   | Place    | Note
-------+----------+-------------------------------------------
     0 | D:1      | Giltor the Spriggan Enchanter began the quest for the Orb.
     0 | D:1      | Reached XP level 1. HP: 9/9 MP: 5/5
   102 | D:1      | Reached skill level 1 in Fighting
   186 | D:1      | Reached XP level 2. HP: 14/14 MP: 4/6
   190 | D:1      | Learned a level 2 spell: Ensorcelled Hibernation
   397 | D:1      | Reached skill level 5 in Stealth
   554 | D:1      | Reached XP level 3. HP: 18/18 MP: 3/8
   597 | D:1      | Learned a level 3 spell: Confuse
   936 | D:2      | Reached skill level 4 in Hexes
  1505 | D:2      | Reached XP level 4. HP: 22/22 MP: 9/9
  1510 | D:2      | Learned a level 3 spell: Tukima's Dance
  2265 | D:3      | Noticed Sigmund
  2487 | D:3      | Noticed Jessica
  2494 | D:3      | Killed Jessica
  2494 | D:3      | Reached skill level 5 in Hexes
  2506 | D:3      | Reached skill level 1 in Evocations
  2744 | D:3      | Reached XP level 5. HP: 20/25 MP: 0/10
  2813 | D:3      | Killed Sigmund
  2813 | D:3      | Reached XP level 6. HP: 28/30 MP: 2/11
  3089 | D:3      | Found a glowing silver altar of Zin.
  3651 | D:4      | Found a staircase to the Ecumenical Temple.
  3657 | Temple   | Entered the Ecumenical Temple
  4164 | D:3      | Reached skill level 6 in Hexes
  4404 | D:4      | Noticed Hopiakuusi's ghost (amateur TrBe)
  4821 | D:4      | Killed Hopiakuusi's ghost
  4821 | D:4      | Reached skill level 7 in Hexes
  4821 | D:4      | Reached XP level 7. HP: 17/33 MP: 3/12
  5164 | D:4      | Reached skill level 8 in Hexes
  5171 | D:4      | Reached skill level 5 in Evocations
  5271 | D:4      | You fall through a shaft for 3 floors!
  5351 | D:7      | Slain by a killer bee

Skill      XL: |  1  2  3  4  5  6  7 |
---------------+----------------------+-----
Fighting       | 1 |  1.0
Short Blades   | 2 |  2.6
Stealth        | 5 6 7 |  7.0
Spellcasting   | 3 |  3.0
Hexes          | 4 5 7 8 |  8.1
Evocations     | 1 4 5 |  5.1
Dodging        | |  3.0

Action                   |  1- 3 |  4- 6 |  7- 9 || total
-------------------------+-------+-------+-------++-------
Melee: Dagger            |   135 |   187 |    62 ||   384
 Cast: Corona            |     9 |       |       ||     9
       Ensorcelled Hiber |    13 |     7 |     1 ||    21
       Confuse           |    10 |    36 |     4 ||    50
       Tukima's Dance    |       |     5 |     1 ||     6
  Use: Scroll            |     4 |     6 |       ||    10
 Stab: Sleeping          |    26 |    14 |     8 ||    48
       Confused          |     5 |    14 |     4 ||    23
       Distracted        |     1 |     2 |       ||     3
  Eat: Ration            |     1 |     4 |       ||     5
Armor: Robe              |     9 |     9 |     4 ||    22
Dodge: Dodged            |    92 |   110 |    33 ||   235
